 Dungeon Crawl Stone Soup version 0.30-a0-365-ge7f957f1db (webtiles) character file.

Game seed: 11668429656351224048

88053 ders the Warrior (level 15, -16/157 HPs)
             Began as a Minotaur Fighter on Nov 16, 2022.
             Was a High Priest of Okawaru.
             Demolished by a tyrant leech (26 damage)
             ... on level 1 of the Swamp.
             The game lasted 00:41:34 (26978 turns).

ders the Warrior (Minotaur Fighter)                Turns: 26978, Time: 00:41:34

Health: -16/157    AC: 20    Str: 31    XL:     15   Next: 45%
Magic:  29/29      EV:  8    Int:  9    God:    Okawaru [*****.]
Gold:   2214       SH:  0    Dex: 11    Spells: 13/14 levels left

rFire   + . .      SeeInvis +    h - +0 executioner's axe (venom)
rCold   + + .      Faith    .    (shield currently unavailable)
rNeg    . . .      Spirit   .    O - +0 plate armour of the Furies {Str+3 Int+4 Dex-4 Slay+5}
rPois   +          Reflect  +    c - +1 hat "Mukuemne" {rElec rC++ MP+9 Dex+2}
rElec   +          Harm     +    P - +0 cloak of Xayntouf {rPois rCorr}
rCorr   +          Rampage  .    Y - +0 pair of gloves {hurl}
Will    +....                    (no boots)
Stlth   ..........               D - amulet of the Little Devil {Reflect Harm SH+5}
HPRegen 0.46/turn                Z - ring of see invisible
MPRegen 0.21/turn                x - ring "Emehyiz" {rF+ Dex+3}

@: confused, ambrosia-drunk, very slow
A: horns 2, retaliatory headbutt
a: Renounce Religion, Heroism, Finesse, Duel


You were on level 1 of the Swamp.
You worshipped Okawaru.
Okawaru was extremely pleased with you.
You visited 5 branches of the dungeon, and saw 23 of its levels.
You also visited: Bailey and Ice Cave.

You collected 2631 gold pieces.
You spent 417 gold pieces at shops.

Inventory:

Hand Weapons
 a - a +0 war axe of flaming
 h - a +0 executioner's axe of venom (weapon)
 q - a +3 antimagic arbalest
 R - a +0 broad axe of draining
Missiles
 u - 8 throwing nets (quivered)
Armour
 c - the +1 hat "Mukuemne" (worn) {rElec rC++ MP+9 Dex+2}
   (Okawaru gifted it to you on level 1 of the Lair of Beasts)

   Dex:       It affects your dexterity (+2).
   rC:        It greatly protects you from cold.
   rElec:     It insulates you from electricity.
   MP:        It affects your magic capacity (+9).
 y - a +5 kite shield
 O - the +0 plate armour of the Furies (worn) {Str+3 Int+4 Dex-4 Slay+5}
   (Okawaru gifted it to you on level 5 of the Lair of Beasts)

   Str:       It affects your strength (+3).
   Int:       It affects your intelligence (+4).
   Dex:       It affects your dexterity (-4).
   Slay:      It affects your accuracy & damage with ranged weapons and melee
   (+5).
 P - the +0 cloak of Xayntouf (worn) {rPois rCorr}
   (Okawaru gifted it to you on level 5 of the Lair of Beasts)

   rPois:     It protects you from poison.
   rCorr:     It protects you from acid and corrosion.
 Y - a +0 pair of gloves of hurling (worn)
Jewellery
 g - a ring of flight
 x - the ring "Emehyiz" (right hand) {rF+ Dex+3}
   (You took it off a gnoll on level 5 of the Dungeon)

   [ring of protection from fire]

   Dex:       It affects your dexterity (+3).
   rF:        It protects you from fire.
 D - the amulet of the Little Devil (around neck) {Reflect Harm SH+5}
   (You took it off a centaur on level 7 of the Dungeon)

   [amulet of reflection]

   It reflects blocked missile attacks.
   SH:        It affects your SH (+5).
   Harm:      It increases damage dealt and taken.
 Z - a ring of see invisible (left hand)
Wands
 e - a wand of polymorph (31)
 v - a wand of mindburst (24)
 z - a wand of light (1)
 A - a wand of flame (34)
 C - a wand of iceblast (5)
Scrolls
 d - 2 scrolls of silence
 f - 2 scrolls of poison
 i - 3 scrolls of vulnerability
 k - 3 scrolls of immolation
 B - 3 scrolls of amnesia
 F - 3 scrolls of magic mapping
 G - 4 scrolls of fear
 J - 11 scrolls of teleportation
 L - 9 scrolls of identify
 U - a scroll of brand weapon
Potions
 j - 3 potions of attraction
 l - 4 potions of degeneration
 n - 4 potions of flight
 o - 4 potions of lignification
 p - 6 potions of cancellation
 s - 4 potions of resistance
 E - 2 potions of mutation
 H - 4 potions of magic
 N - 3 potions of invisibility
 Q - 2 potions of brilliance {unknown}
Miscellaneous
 X - a condenser vane


   Skills:
 * Level 20.8 Fighting
 * Level 18.3 Axes
 + Level 13.7 Armour
 + Level 13.5 Shields
 + Level 8.7 Invocations


You had 13 spell levels left.
You knew the following spells:

 Your Spells              Type           Power      Damage    Failure   Level
a - Apportation           Tloc           0%         N/A       92%         1

Your spell library contained the following spells:

 Spells                   Type           Power      Damage    Failure   Level
 Freeze                   Ice            0%         1d3       92%         1
 Magic Dart               Conj           0%         1d3       92%         1
 Shock                    Conj/Air       0%         1d3       92%         1
 Searing Ray              Conj           0%         2d4       98%         2
 Frozen Ramparts          Ice            0%         1d1       100%        3
 Hailstorm                Conj/Ice       0%         3d3       100%        3
 Kindle Blastsparks       Fire/Tloc/Air  0%         2d10      100%        3
 Swiftness                Air            0%         N/A       100%        3
 Airstrike                Air            0%         2d(0-16)  100%        4
 Fulminant Prism          Conj/Hex       0%         3d5       100%        4
 Iskenderun's Mystic Bla  Conj/Tloc      0%         2d3       100%        4
 Alistair's Intoxication  Tmut/Pois      0%         N/A       100%        5
 Blade Hands              Tmut           0%         N/A       100%        5
 Borgnjor's Vile Clutch   Necr/Erth      0%         N/A       100%        5
 Freezing Cloud           Conj/Ice/Air   0%         6-21      100%        5
 Lee's Rapid Deconstruct  Erth           0%         3d4*      100%        5
 Eringya's Noxious Bog    Tmut/Pois      0%         N/A       100%        6
 Iron Shot                Conj/Erth      0%         9d1       100%        6
 Polar Vortex             Ice            0%         N/A       100%        9
 Animate Armour           Summ/Erth      Unusable   N/A       N/A         4
 Simulacrum               Ice/Necr       Unusable   N/A       N/A         6

Dungeon Overview and Level Annotations

Branches:
Dungeon (14/15)            Temple (1/1) D:6            Lair (5/5) D:8
  Swamp (1/4) Lair:3       Spider (0/4) Lair:3        Slime (0/5) Lair:5
    Orc (2/2) D:12            Elf (0/3) Orc:2        Bailey (visited)
  IceCv (visited)
 Vaults: D:13-14

Altars:
Ashenzari
Cheibriados
Dithmenos
Elyvilon
Fedhas
Gozag
Hepliaklqana
Kikubaaqudgha
Makhleb
Nemelex Xobeh
Okawaru
Qazlal
Ru
Sif Muna
Trog
Uskayaw
Vehumet
Wu Jian
Xom
Yredelemnul
Zin
The Shining One

Shops:
Orc:2 *=[=?

Portals:
Trove: D:11 (lose all piety)

Annotations:
D:6 2 transporters


Innate Abilities, Weirdness & Mutations

You have a pair of horns on your head.
You reflexively headbutt those who attack you in melee.


Message History

The tyrant leech barely misses you. The eleionoma hits you!
* * * LOW HITPOINT WARNING * * *
The tyrant leech bites you!
* * * LOW HITPOINT WARNING * * *
The tyrant leech draws strength from your injuries!
As you read the scroll of fear, it crumbles to dust.
You assume a fearsome visage.
The eleionoma resists with some effort.
The tyrant leech looks frightened! x3
The eleionoma hurls a spray of splinters at you.
The spray of wooden splinters hits you but does no damage.
You are confused.
You feel invigorated. The eleionoma hits you.
* * * LOW HITPOINT WARNING * * *
You slash the eleionoma!
The eleionoma looks as sick as possible!
You headbutt the eleionoma!
The eleionoma is almost dead.
The eleionoma barely misses you.
You miss the eleionoma. Your headbutt misses the eleionoma.
The eleionoma is almost dead.
You feel less invigorated.
You feel less confused.
The tyrant leech seems to regain its courage.
The eleionoma hurls a spray of splinters at you.
The spray of wooden splinters hits you!!
* * * LOW HITPOINT WARNING * * *
Your unstable footing causes you to fumble your attack.
The eleionoma splashes around in the water.
Your unstable footing causes you to fumble your attack.
The eleionoma splashes around in the water.
Your unstable footing causes you to fumble your attack.
The eleionoma hits you but does no damage.
Your unstable footing causes you to fumble your attack.
The eleionoma hits you!
* * * LOW HITPOINT WARNING * * *
Okay, then.
Okay, then.
You are confused.
You feel invigorated. The tyrant leech bites you!!
You die...

.§..~~~~~.♣
♣...~.♣♣♣.~
~~~~~~~~§~♣ ♣.♣.♣.♣
♣♣. ♣.~~.$..~~♣
♣♣.~~~~♣ ♣♣
~....~~!~~♣♣♣♣..~.~.♣
♣
~.~^~~~.~.♣.♣~~..~..♣
~~~.~~♣.~~.♣....~~..♣
~.~.~~~.†..~(§~.~~.♣♣
♣~..[†wR~.~~~§~♣~.♣
..♣..♣~.@..~~~~.~~.♣
♣.~~..~~.~~~.~...~.♣
♣♣.~§~~~♣~~..~.....♣
♣♣.~~~~♣.~~.~~~..♣♣
♣.~§~~~.~.~....♣♣
♣♣~♣....~.♣...♣♣
♣♣♣♣♣....♣.♣♣♣
♣♣♣♣..♣♣ ♣♣♣


You could see an eleionoma (extremely poisoned) and a tyrant leech (poisoned).

Vanquished Creatures
  Kirke (Lair:3)
  3 dire elephants (Lair:5)
  An ettin (Orc:1)
  Fannar (D:12)
  Harold (D:9)
  7 hydras
  2 ogre magi (Orc:2)
  2 centaur warriors (D:13)
  6 boulder beetles
  A catoblepas (Lair:3)
  2 alligators (Lair:3)
  3 death yaks
  12 two-headed ogres
  An orc high priest (Orc:2)
  A spectral dire elephant (Lair:5)
  Sonja (D:12)
  An iron troll (Orc:2)
  Amaemon (Lair:3)
  3 spectral death yaks (Lair:5)
  3 skeletal warriors (D:13)
  3 goliath frogs
  2 bog bodies (IceCv)
  2 swamp dragons (Lair:3)
  A deep troll (Orc:2)
  An obsidian statue (Lair:5)
  2 deep elf pyromancers
  Pikel (D:8)
  3 necromancers (Lair:5)
  3 orc sorcerers
  An ugly thing (D:7)
  2 manticores
  7 cyclopes
  An oklob plant (Lair:2)
  The ghost of baller8008 the Magician, a novice DjCj (D:5)
  6 slime creatures
  An ice statue (IceCv)
  4 black mambas (Lair:5)
  Joseph (D:7)
  2 dire elephant zombies (Lair:5)
  13 elephants
  An orange demon (Lair:3)
  2 gargoyles
  Maggie (D:7)
  14 cane toads
  2 torpor snails
  3 unseen horrors
  A kobold demonologist (D:9)
  2 rime drakes
  An anaconda simulacrum (IceCv)
  An efreet (D:13)
  6 komodo dragons
  A meliai (Lair:3)
  3 polar bears
  15 trolls
  3 tyrant leeches
  4 blink frogs (Lair:5)
  2 spectral elephants (Lair:5)
  4 spriggans (Bailey)
  30 yaks
  3 wraiths
  7 humans (Lair:3)
  A steam dragon (Bailey)
  9 vampire mosquitoes
  3 wargs
  4 swamp worms
  2 death yak simulacra (IceCv)
  3 acid dragons
  3 harpy simulacra (IceCv)
  A spectral cane toad (Lair:5)
  3 hydra simulacra (IceCv)
  Duvessa (D:6)
  8 water moccasins
  A swamp drake (Lair:3)
  14 orc warriors
  2 elephant zombies (Lair:5)
  2 sky beasts
  A black bear (D:3)
  An ice beast (D:8)
  3 wolves (Lair:1)
  26 ogres
  8 centaurs
  2 elephant skeletons (Lair:5)
  A lemure (D:8)
  4 phantoms
  2 kobold brigands (D:7)
  A necrophage (D:5)
  13 bullfrogs
  2 gnoll sergeants (D:5)
  4 cane toad simulacra
  2 scorpions (D:4)
  6 two-headed ogre simulacra (IceCv)
  4 wights (D:8)
  Dowan (D:6)
  2 elephant simulacra (Lair:5)
  7 killer bees
  2 electric eels (D:7)
  2 howler monkeys (D:9)
  4 gnoll boudas
  A hound (D:7)
  5 jellies
  15 orc priests
  3 iguanas
  17 orc wizards
  3 troll simulacra (IceCv)
  5 spriggan simulacra (IceCv)
  2 polar bear simulacra (IceCv)
  3 wolf simulacra (IceCv)
  21 gnolls
  11 adders
  6 naga simulacra (IceCv)
  A shadow imp (D:7)
  8 white imps
  7 ufetubi
  A worm (D:2)
  3 dart slugs
  72 orcs
  8 ball pythons
  5 bats
  24 endoplasms
  4 giant cockroaches
  2 hobgoblins
  3 quokkas
  A frilled lizard (D:3)
  9 goblins
  14 kobolds
  4 rats
  2 withered plants (Lair:5)
631 creatures vanquished.

Vanquished Creatures (others)
  A bog body (Swamp:1)
  A bloated husk (Swamp:1)
  34 fungi
  48 plants
  30 withered plants (Lair:5)
114 creatures vanquished.

Grand Total: 745 creatures vanquished

Notes
Turn   | Place    | Note
-------+----------+-------------------------------------------
     0 | D:1      | ders the Minotaur Fighter began the quest for the Orb.
     0 | D:1      | Reached XP level 1. HP: 19/19 MP: 0/0
   284 | D:1      | Reached XP level 2. HP: 20/27 MP: 1/1
   705 | D:1      | Reached skill level 4 in Fighting
   920 | D:2      | Reached XP level 3. HP: 28/33 MP: 2/2
   962 | D:2      | Found a basalt altar of Yredelemnul.
  1279 | D:2      | Reached XP level 4. HP: 5/28 MP: 3/3
  1812 | D:3      | Noticed a phantom
  1822 | D:3      | Killed a phantom
  1823 | D:3      | Reached skill level 5 in Fighting
  1823 | D:3      | Reached XP level 5. HP: 30/44 MP: 4/4
  1930 | D:3      | Found a shimmering blue altar of Sif Muna.
  2007 | D:3      | Found a faded altar of an unknown god.
  2381 | D:3      | Found a glowing golden altar of the Shining One.
  2514 | D:3      | Found a radiant altar of Vehumet.
  2573 | D:3      | Noticed a black bear
  2580 | D:3      | Killed a black bear
  2581 | D:3      | Reached skill level 5 in Axes
  2581 | D:3      | Reached XP level 6. HP: 49/57 MP: 5/5
  2733 | D:4      | Reached skill level 6 in Fighting
  2733 | D:4      | Reached skill level 5 in Armour
  2733 | D:4      | Reached skill level 5 in Shields
  2926 | D:4      | Reached XP level 7. HP: 42/63 MP: 6/6
  3710 | D:5      | Entered Level 5 of the Dungeon
  3776 | D:5      | Learned a level 1 spell: Apportation
  4087 | D:5      | Reached skill level 7 in Fighting
  4310 | D:5      | Found a transporter.
  4340 | D:5      | Noticed baller8008's ghost (novice DjCj)
  4341 | D:5      | Identified the ring "Emehyiz" {rF+ Dex+3}
  4611 | D:5      | Reached XP level 8. HP: 50/73 MP: 7/7
  4893 | D:5      | Found a transporter.
  5107 | D:5      | Killed baller8008's ghost
  5108 | D:5      | Reached skill level 8 in Fighting
  5119 | D:5      | HP: 3/75 [poisoned by a gnoll]
  5121 | D:5      | HP: 1/75 [poisoned by a gnoll]
  5436 | D:6      | Found a transporter.
  5545 | D:6      | Noticed Duvessa
  5546 | D:6      | Noticed Dowan
  5556 | D:6      | Killed Duvessa
  5557 | D:6      | Reached skill level 9 in Fighting
  5557 | D:6      | Killed Dowan
  5698 | D:6      | Found a shadowy altar of Dithmenos.
  6054 | D:6      | Found a staircase to the Ecumenical Temple.
  6100 | Temple   | Entered the Ecumenical Temple
  6284 | Temple   | Became a worshipper of Warmaster Okawaru
  6310 | D:6      | Reached XP level 9. HP: 84/84 MP: 8/8
  6730 | D:6      | Found a transporter.
  7190 | D:7      | Noticed Joseph
  7203 | D:7      | Killed Joseph
  7204 | D:7      | Reached skill level 10 in Fighting
  7577 | D:7      | Reached * piety under Okawaru
  7592 | D:7      | Noticed a brown ugly thing
  7778 | D:7      | Identified the amulet of the Little Devil {Reflect Harm
                  | SH+5}
  7826 | D:7      | Killed a brown ugly thing
  7826 | D:7      | Reached ** piety under Okawaru
  7827 | D:7      | Reached skill level 11 in Fighting
  7978 | D:7      | Noticed Maggie
  7989 | D:7      | Killed Maggie
  8005 | D:7      | Reached skill level 10 in Axes
  8049 | D:7      | Reached skill level 12 in Fighting
  8442 | D:7      | Reached XP level 10. HP: 54/99 MP: 9/9
  8454 | D:7      | Noticed a boulder beetle
  8660 | D:7      | Noticed a gargoyle
  8667 | D:7      | Killed a gargoyle
  8704 | D:7      | Killed a boulder beetle
  8704 | D:7      | Reached *** piety under Okawaru
  8705 | D:7      | Reached skill level 13 in Fighting
  9079 | D:8      | Noticed Pikel
  9088 | D:8      | Killed Pikel
  9255 | D:8      | Found a flagged portal.
  9274 | Bailey   | Entered a bailey
  9293 | Bailey   | Reached **** piety under Okawaru
  9304 | Bailey   | Reached skill level 14 in Fighting
  9512 | Bailey   | Noticed a two-headed ogre
  9516 | Bailey   | Identified the +1 steam dragon scales of Marbles {Will-
                  | MP+9 Str+2 Dex+7}
  9523 | Bailey   | Killed a two-headed ogre
  9672 | Bailey   | Reached ***** piety under Okawaru
  9806 | D:8      | Found a staircase to the Lair.
 10022 | D:8      | Reached XP level 11. HP: 111/111 MP: 10/10
 10043 | D:8      | Reached skill level 15 in Fighting
 10052 | D:8      | Reached skill level 1 in Invocations
 10427 | D:9      | Found a blossoming altar of Fedhas.
 10432 | D:9      | Noticed Harold
 10441 | D:9      | Killed Harold
 11056 | D:9      | Received a gift from Okawaru
 11143 | D:10     | Entered Level 10 of the Dungeon
 11586 | D:10     | Reached skill level 16 in Fighting
 11780 | D:10     | Identified the +1 ring mail "Jivuegea" {*Corrode +Blink
                  | +Inv Regen+}
 12094 | Lair:1   | Entered Level 1 of the Lair of Beasts
 12552 | Lair:1   | Reached skill level 10 in Armour
 12758 | Lair:1   | Identified the +1 hat "Mukuemne" {rElec rC++ MP+9 Dex+2}
                  | (Okawaru gifted it to you on level 1 of the Lair of Beasts)
 12758 | Lair:1   | Received a gift from Okawaru
 13438 | Lair:2   | Reached skill level 10 in Shields
 13636 | Lair:2   | Reached skill level 17 in Fighting
 13636 | Lair:2   | Reached XP level 12. HP: 119/125 MP: 13/13
 14260 | Lair:3   | Noticed a death yak
 14266 | Lair:3   | Killed a death yak
 14323 | Lair:3   | Noticed Kirke
 14331 | Lair:3   | Killed Kirke
 14583 | Lair:3   | Noticed an alligator
 14583 | Lair:3   | Noticed Amaemon
 14583 | Lair:3   | Noticed an eight-headed hydra
 14858 | Lair:4   | Noticed a five-headed hydra
 14863 | Lair:4   | Killed a two-headed hydra
 15032 | Lair:3   | Noticed an alligator
 15042 | Lair:3   | Killed an alligator
 15055 | Lair:3   | Killed Amaemon
 15056 | Lair:3   | Reached skill level 5 in Invocations
 15068 | Lair:3   | Killed an alligator
 15153 | Lair:3   | Killed a six-headed hydra
 15177 | Lair:3   | Reached skill level 18 in Fighting
 15552 | Lair:3   | Received a gift from Okawaru
 15764 | Lair:3   | Found a hole to the Spider Nest.
 15888 | Lair:3   | Noticed a catoblepas
 15896 | Lair:3   | Killed a catoblepas
 15897 | Lair:3   | Reached XP level 13. HP: 108/134 MP: 16/16
 15961 | Lair:3   | Found a staircase to the Swamp.
 16532 | Lair:4   | Reached skill level 15 in Axes
 16933 | Lair:5   | Entered Level 5 of the Lair of Beasts
 16980 | Lair:5   | Identified the +4 chain mail of the Shimmering Gods {rElec
                  | Int+3 Dex-3}
 17101 | Lair:5   | Identified the +0 plate armour of the Furies {Str+3 Int+4
                  | Dex-4 Slay+5} (Okawaru gifted it to you on level 5 of the
                  | Lair of Beasts)
 17101 | Lair:5   | Received a gift from Okawaru
 17856 | Lair:5   | Found a staircase to the Slime Pits.
 17985 | Lair:5   | Identified the +1 leather armour "Soiv" {+Inv rElec Int-2
                  | Slay-5 SInv}
 17989 | Lair:5   | Noticed a dire elephant
 17989 | Lair:5   | Noticed a dire elephant
 17989 | Lair:5   | Noticed a dire elephant
 18024 | Lair:5   | Killed a dire elephant
 18117 | Lair:5   | Reached skill level 19 in Fighting
 18370 | Lair:5   | Reached ****** piety under Okawaru
 18418 | Lair:5   | Reached XP level 14. HP: 108/146 MP: 18/18
 18773 | Lair:5   | Identified the +0 cloak of Xayntouf {rPois rCorr} (Okawaru
                  | gifted it to you on level 5 of the Lair of Beasts)
 18773 | Lair:5   | Received a gift from Okawaru
 21397 | D:11     | Found a portal to a secret trove of treasure.
 21644 | D:12     | Noticed Sonja
 21657 | D:12     | Killed Sonja
 21830 | D:12     | Noticed Fannar
 21843 | D:12     | Killed Fannar
 22005 | D:12     | Found a staircase to the Orcish Mines.
 22373 | Orc:1    | Entered Level 1 of the Orcish Mines
 22459 | Orc:2    | Entered Level 2 of the Orcish Mines
 22469 | Orc:2    | Found a frozen archway.
 22508 | Orc:2    | Found a staircase to the Elven Halls.
 22513 | IceCv    | Entered an ice cave
 22677 | IceCv    | Found the +4 skin of Zhor {*Englaciate rC+++ SInv}
 22944 | IceCv    | Reached skill level 20 in Fighting
 23344 | Orc:2    | Received a gift from Okawaru
 23669 | Orc:2    | Reached XP level 15. HP: 109/156 MP: 20/20
 23684 | Orc:2    | Received a gift from Okawaru
 24012 | Orc:2    | Found Lureon's Magic Scroll Boutique.
 24014 | Orc:2    | Found Gykixkef's Antique Armour Emporium.
 24025 | Orc:2    | Bought a scroll of blinking for 105 gold pieces
 24025 | Orc:2    | Bought a scroll of teleportation for 42 gold pieces
 24027 | Orc:2    | Found Torcheweh's Jewellery Shop.
 24029 | Orc:2    | Found Awoemmut's Jewellery Shop.
 24030 | Orc:2    | Found Xiemyimn's General Store.
 24114 | Orc:2    | Bought a ring of see invisible for 270 gold pieces
 26735 | Swamp:1  | Entered Level 1 of the Swamp
 26977 | Swamp:1  | HP: 7/157 [eleionoma (14)]
 26978 | Swamp:1  | Demolished by a tyrant leech

Illustrated notes

Levels and vault maps discovered:
D:1:      dpeg_arrival_fog, layout_loops_corners
D:2:      layout_basic, basic_altar
D:3:      layout_loops_ring, mainiacjoe_overflow_two_lobes,
          mainiacjoe_overflow_cross_hatched,
          hellmonk_ecumenical_altar_crossroads
D:4:      wander_river, layout_cave_pools, grunt_ministairs_15
D:5:      layout_basic, gammafunk_ghost_gnarly_gnolls
D:6:      gammafunk_steamed_eel, layout_layer_cave,
          grunt_dithmenos_smoke_and_mirrors, minmay_temple_entry_wispy,
          grunt_ministairs_13, minmay_misc_feat_room, uniq_duvessa
D:7:      nzn_winding_woodlands_three_and_one
          [nzn_winding_woodlands_5x15_longhouse,
          nzn_winding_woodlands_5x15_lazy_stream,
          nzn_winding_woodlands_5x15_sidewinder,
          nzn_winding_woodlands_center_triple_pond], layout_loops_ring,
          uniq_joseph, uniq_maggie
D:8:      layout_loops_ring, dpeg_oklobed_lair, enter_bailey_1, uniq_pikel
D:9:      layout_loops_ring, fedhas_ov_isle_minmay, uniq_harold
D:10:     layout_basic, roderic_lattice_a, hex_intersection
D:11:     layout_basic, enter_trove_6
D:12:     layout_cross, orc_0_dummy, minivault_26, uniq_sonja, uniq_fannar
D:13:     layout_basic
D:14:     layout_cave_pools, lightli_vaults_fourway_checkpoint,
          small_statue_intersection, gammafunk_ghost_berserking_beasts,
          uniq_frances
Temple:   bh_familiar_temple
Lair:1:   layout_small_grid, serial_bayou_shore_b, grunt_megastairs_1
Lair:2:   lemuel_slime, layout_cave_pods, serial_bayou_pond_e
Lair:3:   onia_ninara_swampy_vault, layout_regular_city,
          minmay_swamp_entry_worms, hellmonk_spider_entry_not_the_bees,
          uniq_kirke, uniq_amaemon
Lair:4:   layout_loops_ring, st_stairs_9
Lair:5:   due_jungle_book, layout_regular_city, dpeg_slime_entry_enclosed
Swamp:1:  layout_falls_marsh, evilmike_swamp_ruin_house_5
Orc:1:    layout_diamond_mine, basic_altar, nicolae_orc_flooded_monolith
Orc:2:    st_orc_open, layout_caves, serial_shops, shop_statue, basic_altar,
          portal_ice_cave_entry_pillars_1

Skill      XL: |  1  2  3  4  5  6  7  8  9 10 11 12 13 14 15 |
---------------+----------------------------------------------+-----
Fighting       | 4 5 6 7 9 12 14 17 18 19 20 | 20.8
Axes           | 3 4 5 6 8 10 11 13 14 16 17 18 | 18.3
Shields        | 4 5 6 7 9 10 11 12 13 | 13.5
Armour         | 4 5 6 8 9 10 11 12 13 | 13.7
Invocations    | 3 5 6 8 |  8.7

Action                   |  1- 3 |  4- 6 |  7- 9 | 10-12 | 13-15 || total
-------------------------+-------+-------+-------+-------+-------++-------
Melee: War axe           |    74 |    85 |   342 |   448 |   311 ||  1260
       Headbutt          |     5 |     9 |    53 |   103 |   182 ||   352
       Broad axe         |       |       |       |       |   294 ||   294
       Executioner's axe |       |       |       |       |    83 ||    83
Invok: Heroism           |       |       |       |     7 |    10 ||    17
       Finesse           |       |       |       |     1 |     2 ||     3
  Use: Potion            |     1 |     1 |     1 |     9 |     5 ||    17
       Scroll            |       |       |    11 |    20 |     7 ||    38
 Stab: Held in net/web   |       |       |       |     1 |       ||     1
Armor: Scale mail        |    44 |    47 |   102 |     6 |       ||   199
       Plate armour      |       |       |       |   116 |   218 ||   334
Dodge: Dodged            |    34 |    46 |   119 |    50 |   110 ||   359
Block: Buckler           |    24 |    20 |    32 |       |       ||    76
       Kite shield       |       |       |   111 |   450 |   539 ||  1100
       Reflection        |       |       |     4 |    15 |    25 ||    44
       Other             |       |       |       |       |    23 ||    23

Table legend: (Time is in decaauts)
 A = Elapsed time spent in this place.
 B = Non-inter-level travel time spent in this place.
 C = Inter-level travel time spent in this place.
 D = Time resting spent in this place.
 E = Time spent auto-exploring this place.
 F = Levels seen in this place.
 G = Mean time per level.
                   A        B        C        D        E       F      G
               +--------+--------+--------+--------+--------+-----+--------+
         Total |  27028 |  25399 |   1629 |   5969 |  15806 |  25 | 1081.1 |
       Dungeon |  15979 |  15060 |    919 |   3215 |   9932 |  14 | 1141.4 |
        Temple |    194 |    169 |     25 |      0 |    163 |   1 |  194.0 |
          Lair |   7871 |   7293 |    578 |   1901 |   4322 |   5 | 1574.2 |
         Swamp |    248 |    248 |      0 |    159 |     37 |   1 |  248.0 |
  Orcish Mines |   1497 |   1391 |    106 |    407 |    705 |   2 |  748.5 |
        Bailey |    459 |    459 |      0 |    227 |     83 |   1 |  459.0 |
      Ice Cave |    778 |    778 |      0 |     59 |    563 |   1 |  778.0 |
               +--------+--------+--------+--------+--------+-----+--------+

Top non-repeatable levels by time:
  Lair:5: 2720 daAuts
     D:7: 1999 daAuts
    D:13: 1810 daAuts
     D:5: 1751 daAuts
  Lair:3: 1694 daAuts
     D:6: 1455 daAuts
  Lair:1: 1356 daAuts
    D:11: 1162 daAuts
  Lair:4: 1145 daAuts
    D:10: 1142 daAuts
     D:4: 1011 daAuts
    D:12: 966 daAuts
  Lair:2: 955 daAuts
     D:2: 952 daAuts
     D:9: 941 daAuts
